 Dungeon Crawl Stone Soup version 0.21.1-1-g345015f (webtiles) character file.

133 n0claF the Cudgeler (level 4, -3/35 HPs)
             Began as a Demonspawn Gladiator on July 4, 2018.
             Killed by divine providence
             ... invoked by an orc priest
              (15 damage)
             ... on level 3 of the Dungeon.
             The game lasted 00:04:52 (2365 turns).

n0claF the Cudgeler (Demonspawn Gladiator)          Turns: 2365, Time: 00:04:53

Health: -3/35      AC: 17    Str: 15    XL:     4   Next: 94%
Magic:  4/4        EV: 12    Int:  9    God:
Gold:   157        SH:  0    Dex: 15    Spells: 3/3 levels left

rFire    . . .     SeeInvis .   b - +0 mace (protect)
rCold    + . .     Gourm    .   (no shield)
rNeg     + . .     Faith    .   f - +0 ring mail
rPois    .         Spirit   .   o - +1 helmet of Atheism {rN+}
rElec    .         Reflect  .   (no cloak)
rCorr    .         Harm     .   (no gloves)
MR       .....                  h - +2 pair of boots
Stlth    +.........             (no amulet)
HPRegen  0.11/turn              (no ring)
MPRegen  0.09/turn              (no ring)

@: protection aura
A: talons 1, cold resistance 1, freezing cloud immunity
a: no special abilities


You were on level 3 of the Dungeon.
You were hungry.

You visited 1 branch of the dungeon, and saw 3 of its levels.

You collected 157 gold pieces.

Inventory:

Hand Weapons
 a - a +0 flail
 b - a +0 mace of protection (weapon)
   (You found it on level 2 of the Dungeon)
Missiles
 d - 3 throwing nets (quivered) {!f}
Armour
 f - a +0 ring mail (worn)
   (You found it on level 1 of the Dungeon)
 h - a +2 pair of boots (worn)
   (You found it on level 1 of the Dungeon)
 o - the +1 helmet of Atheism (worn) {rN+}
   (You took it off Robin on level 2 of the Dungeon)

   It protects you from negative energy.
Jewellery
 l - an uncursed ring of resist corrosion {unknown}
   (You found it on level 1 of the Dungeon)
Scrolls
 g - a scroll of fog {unknown}
 i - a scroll of identify {unknown}
 k - 2 scrolls of remove curse {unknown}
 m - a scroll of fear {unknown}
Potions
 j - a potion of flight {unknown}
 n - 2 potions of resistance {unknown}
Comestibles
 e - 4 rations {!d}


   Skills:
 + Level 3.1 Fighting
 + Level 3.4 Maces & Flails
 - Level 1.7 Throwing
 + Level 1.9 Armour
 + Level 3.4 Dodging


You had 3 spell levels left.
You didn't know any spells.

Dungeon Overview and Level Annotations

Branches:
Dungeon (3/15)

Altars:
Ashenzari
Elyvilon

Annotations:
D:3 ChungusAmongUs's ghost, amateur MiFi


Innate Abilities, Weirdness & Mutations

You have sharp toenails.
Your flesh is cold resistant. (rC+)
You are immune to freezing clouds.


Message History

A rat comes into view.
There is a stone staircase leading up here.
The rat bites you but does no damage.
You climb upwards.
There is a stone staircase leading down here.
You hit the rat.
Your weapon exudes an aura of protection.
You kill the rat!
You start resting.
You are near starving!
You butcher the rat corpse.
c - a chunk of flesh Eating a chunk of flesh.
You eat the chunk of flesh.
You are feeling hungry.
Done exploring.
You start resting.
There is a stone staircase leading down here.
You climb downwards.
Level annotation: ChungusAmongUs's ghost, amateur MiFi
There is a stone staircase leading up here.
The orc priest calls down the wrath of Beogh upon you.
Pain shoots through your body!
You closely miss the orc priest.
The orc priest hits you but does no damage.
You hit the orc priest.
Your weapon exudes an aura of protection.
The orc priest hits you but does no damage.
You hit the orc priest.
The orc priest hits you but does no damage.
You closely miss the orc priest.
The orc priest mumbles some strange prayers to Beogh against you.
Beogh smites you!
The orc priest hits you but does no damage.
You barely miss the orc priest.
The orc priest hits you but does no damage.
You barely miss the orc priest.
The orc priest miscasts a cantrip.
Unknown command.
You hit the orc priest. The orc priest barely misses you.
You thump the orc priest!
You kill the orc priest!
Your Fighting skill increases to level 3!
The orc priest mumbles some strange prayers to Beogh against you.
Beogh smites you!
* * * LOW HITPOINT WARNING * * *
There is a stone staircase leading up here.
The orc hits you but does no damage.
The orc priest mumbles some strange prayers to Beogh against you.
Beogh smites you!
You die...

##.#.#
#o#.# #.#.#
#o#.# #.#.#
#...# ##..#
######..###
#@oW.o....#
#.###.###.#
#.# #.# #.#
..# #.###.#
####
#.<...#
###.### #.#
#.# #.#


You could see an orc priest, ChungusAmongUs's ghost and an orc.

Vanquished Creatures
  An orc priest (D:3)
  Robin (D:2)
  3 adders (D:2)
  A dart slug (D:1)
  2 leopard geckos
  An orc (D:3)
  A ball python (D:2)
  3 bats
  A giant cockroach (D:1)
  16 goblins
  9 hobgoblins
  2 jackals (D:2)
  3 quokkas (D:2)
  5 frilled lizards
  4 kobolds
  6 rats
59 creatures vanquished.

Notes
Turn   | Place    | Note
-------+----------+-------------------------------------------
     0 | D:1      | n0claF the Demonspawn Gladiator began the quest for the Orb.
     0 | D:1      | Reached XP level 1. HP: 16/16 MP: 1/1
   121 | D:1      | Gained mutation: You have sharp toenails. [demonic ancestry]
   121 | D:1      | Reached XP level 2. HP: 15/22 MP: 2/2
   271 | D:1      | Reached skill level 1 in Armour
   766 | D:2      | Gained mutation: Your flesh is cold resistant. (rC+) [demonic ancestry]
   766 | D:2      | Reached XP level 3. HP: 17/28 MP: 3/3
   997 | D:2      | Found a white marble altar of Elyvilon.
  1163 | D:2      | Found a shattered altar of Ashenzari.
  1229 | D:2      | Gained mutation: You are immune to freezing clouds. [demonic ancestry]
  1229 | D:2      | Reached XP level 4. HP: 30/34 MP: 4/4
  1232 | D:2      | Noticed Robin
  1244 | D:2      | Killed Robin
  1257 | D:2      | Got a faintly humming helmet
  1988 | D:2      | Identified the +1 helmet of Atheism {rN+} (You took it off Robin on level 2 of the Dungeon)
  2049 | D:3      | Noticed ChungusAmongUs's ghost (amateur MiFi)
  2058 | D:3      | HP: 1/34 [orc priest/nerve-wracking pain (1)]
  2365 | D:3      | Killed from afar by an orc priest

Skill      XL: |  1  2  3  4 |
---------------+-------------+-----
Armour         | 1 |  1.9
Maces & Flails | 3 |  3.4
Dodging        | 3 |  3.4
Fighting       | 3 |  3.1
Throwing       | |  1.7

Action                   |  1- 3 |  4- 6 || total
-------------------------+-------+-------++-------
Melee: Flail             |   129 |    48 ||   177
       Mace              |       |    17 ||    17
  Eat: Chunk             |     1 |     3 ||     4
Armor: Ring mail         |    57 |    34 ||    91
Dodge: Dodged            |   103 |    45 ||   148
